 Dungeon Crawl Stone Soup version 0.28.0-53-g5a82cb258f (webtiles) character file.

Game seed: 2596570376979542166

805 Tiocfaidh the Chiller (level 7, -9/51 HPs)
             Began as a Gnoll Ice Elementalist on May 27, 2022.
             Killed from afar by a steam dragon (21 damage)
             ... with a ball of steam
             ... on level 5 of the Dungeon.
             The game lasted 00:29:24 (4670 turns).

Tiocfaidh the Chiller (Gnoll Ice Elementalist)      Turns: 4670, Time: 00:29:24

Health: -9/51      AC:  7    Str:  8    XL:     7   Next: 91%
Magic:  15/15      EV: 14    Int: 16    God:
Gold:   187        SH:  5    Dex: 18    Spells: 15/17 levels left

rFire   . . .      SeeInvis .   e - +0 short sword
rCold   . . .      Faith    .   d - +0 buckler
rNeg    + + .      Spirit   .   a - +0 robe
rPois   +          Reflect  .   v - +1 helmet
rElec   .          Harm     .   h - +2 cloak of the Salamander {rPois rN+}
rCorr   .          Rampage  .   (no gloves)
Will    .....                   (no boots)
Stlth   +++.......              (no amulet)
HPRegen 0.17/turn               x - +6 ring of dexterity
MPRegen 0.14/turn               B - ring of positive energy

@: no status effects
A: fangs 1, strong nose, distributed training
a: no special abilities


You were on level 5 of the Dungeon.
You visited 1 branch of the dungeon, and saw 5 of its levels.
You also visited: Sewer.

You collected 187 gold pieces.

Inventory:

Hand Weapons
 e - a +0 short sword (weapon)
Missiles
 m - a curare-tipped dart
 n - 18 poisoned darts
Armour
 a - a +0 robe (worn)
 d - a +0 buckler (worn)
 h - the +2 cloak of the Salamander (worn) {rPois rN+}
   (You found it on level 2 of the Dungeon)

   rPois:     It protects you from poison.
   rN:        It protects you from negative energy.
 v - a +1 helmet (worn)
Jewellery
 x - a +6 ring of dexterity (left hand)
 B - a ring of positive energy (right hand)
Wands
 f - a wand of flame (19)
Scrolls
 b - 4 scrolls of immolation
 c - 3 scrolls of enchant armour {unknown}
 i - 2 scrolls of vulnerability {unknown}
 j - 4 scrolls of identify {unknown}
 k - 3 scrolls of holy word {unknown}
 o - a scroll of noise {unknown}
 p - a scroll of fog {unknown}
 y - a scroll of magic mapping {unknown}
 A - a scroll of fear {unknown}
Potions
 g - 2 potions of flight {unknown}
 l - a potion of experience {unknown}
 q - a potion of brilliance {unknown}
 r - a potion of invisibility {unknown}
 s - 2 potions of heal wounds {unknown}
 t - 2 potions of degeneration {unknown}
 u - 2 potions of curing {unknown}
 w - a potion of magic {unknown}
 z - a potion of resistance {unknown}


   Skills:
 + Level 2.8 Fighting
 + Level 2.8 Short Blades
 + Level 2.8 Long Blades
 + Level 2.8 Axes
 + Level 2.8 Maces & Flails
 + Level 2.8 Polearms
 + Level 2.8 Staves
 + Level 2.8 Slings
 + Level 2.8 Bows
 + Level 2.8 Crossbows
 + Level 2.8 Throwing
 + Level 2.8 Armour
 + Level 5.4 Dodging
 + Level 5.1 Stealth
 + Level 2.8 Shields
 + Level 2.8 Unarmed Combat
 + Level 5.8 Spellcasting
 + Level 2.2 Conjurations
 + Level 2.2 Hexes
 + Level 2.2 Summonings
 + Level 2.2 Necromancy
 + Level 2.2 Translocations
 + Level 2.2 Transmutations
 + Level 2.2 Fire Magic
 + Level 7.5 Ice Magic
 + Level 2.2 Air Magic
 + Level 2.2 Earth Magic
 + Level 2.2 Poison Magic
 + Level 3.1 Invocations
 + Level 2.8 Evocations


You had 15 spell levels left.
You knew the following spells:

 Your Spells              Type           Power      Damage    Failure   Level
a - Freeze                Ice            100%       1d11      1%          1
b - Magic Dart            Conj           44%        1d5       8%          1

Your spell library contained the following spells:

 Spells                   Type           Power      Damage    Failure   Level
 Frozen Ramparts          Ice            56%        1d7       2%          3
 Ozocubu's Armour         Ice            28%        N/A       2%          3
 Apportation              Tloc           22%        N/A       8%          1
 Beastly Appendage        Tmut           22%        N/A       8%          1
 Searing Ray              Conj           22%        2d5       11%         2
 Wereblood                Tmut           11%        N/A       11%         2
 Spider Form              Tmut/Pois      11%        N/A       22%         3
 Hailstorm                Conj/Ice       20%        3d6       24%         4
 Fulminant Prism          Conj/Hex       5%         3d7       58%         4
 Alistair's Intoxication  Tmut/Pois      7%         N/A       90%         5
 Ozocubu's Refrigeration  Ice            14%        4d7       100%        7
 Borgnjor's Revivificati  Necr           5%         N/A       100%        8
 Necromutation            Tmut/Necr      5%         N/A       100%        8
 Death's Door             Necr           5%         N/A       100%        9


Dungeon Overview and Level Annotations

Branches:
Dungeon (5/15)              Sewer (visited)
 Temple: D:4-7

Altars:


Innate Abilities, Weirdness & Mutations

You have very sharp teeth.
Your uncanny sense of smell can sniff out nearby items.
Your experience applies equally to all skills.


Message History

The orc misses you.
You hit the orc.
The orc is severely wounded.
The orc completely misses you.
You hit the orc.
You kill the orc!
Things that are here:
a +0 hand axe; an orc corpse; a hound corpse
B - a ring of positive energy
B - a ring of positive energy (right hand)
A scorpion comes into view.
A quokka comes into view.
The helpless scorpion fails to defend itself.
You puncture the scorpion!
You kill the scorpion!
A steam dragon comes into view.
The steam dragon hisses angrily.
You block the quokka's attack.
You miss the quokka.
The quokka bites you but does no damage.
The quokka closely misses you.
You hit the quokka. Your bite misses the quokka.
The quokka is moderately wounded.
The steam dragon breathes steam at you.
The ball of steam hits the quokka!!
The quokka dies!
The ball of steam hits you!!
You hear an angry growl.
The steam dragon breathes steam at you. The ball of steam hits you!
Unknown command.
As you read the scroll labelled XEUWKUFROL, it crumbles to dust.
The air around you briefly surges with heat, but it dissipates.
It was a scroll of immolation.
You are engulfed in a cloud of scalding steam.
* * * LOW HITPOINT WARNING * * *
You are engulfed in a cloud of scalding steam.
The steam dragon breathes steam at you. The ball of steam hits you!!
You die...

.# ##...# #.D.#.#
..... .## #..#.##
##§##.# D...
..###.##..## #.##.#
... ..#.).###..#
#.##.# .. ....###
##..# #D##.. .
......## ##.# #.###.
...##..## #.# #§# #
..####..# #.## #§#
.## ##..# ..# #@# ###
.# #..## #.###.##...
.###..## #.##......
.#...## #.....#..
.#.## ######.....#.#
.#.####......##..#.#
.#......########...##
....##### #....#
.#.## #.#.(##..


There were no monsters in sight!

Vanquished Creatures
  2 kobold brigands (Sewer)
  2 scorpions
  A jelly (D:4)
  2 hounds
  Crazy Yiuf (D:3)
  An orc priest (D:3)
  An iguana (D:2)
  Natasha (thrice) (D:3)
  An orc wizard (D:3)
  2 hound skeletons
  Robin (D:3)
  3 gnolls (D:3)
  8 adders
  A river rat (Sewer)
  2 adder skeletons (D:4)
  4 worms
  6 dart slugs
  10 orcs
  8 endoplasms
  4 giant cockroaches (D:3)
  9 goblins
  11 hobgoblins
  4 quokkas
  6 ball pythons
  2 bats
  7 frilled lizards
  13 kobolds
  2 rats
117 creatures vanquished.

Vanquished Creatures (others)
  A quokka (D:5)
1 creature vanquished.

Grand Total: 118 creatures vanquished

Notes
Turn   | Place    | Note
-------+----------+-------------------------------------------
     0 | D:1      | Tiocfaidh the Gnoll Ice Elementalist began the quest for
                  | the Orb.
     0 | D:1      | Reached XP level 1. HP: 13/13 MP: 6/6
    16 | D:1      | Learned a level 1 spell: Magic Dart
   162 | D:1      | Reached XP level 2. HP: 19/19 MP: 7/7
   281 | D:1      | Found a faded altar of an unknown god.
   731 | D:1      | Reached XP level 3. HP: 25/25 MP: 5/9
   744 | D:1      | Reached skill level 5 in Spellcasting
  1049 | D:2      | Noticed a scorpion
  1137 | D:2      | Reached skill level 1 in Fighting
  1137 | D:2      | Reached skill level 1 in Short Blades
  1137 | D:2      | Reached skill level 1 in Long Blades
  1137 | D:2      | Reached skill level 1 in Axes
  1137 | D:2      | Reached skill level 1 in Maces & Flails
  1137 | D:2      | Reached skill level 1 in Polearms
  1137 | D:2      | Reached skill level 1 in Staves
  1137 | D:2      | Reached skill level 1 in Slings
  1137 | D:2      | Reached skill level 1 in Bows
  1137 | D:2      | Reached skill level 1 in Crossbows
  1137 | D:2      | Reached skill level 1 in Throwing
  1137 | D:2      | Reached skill level 1 in Armour
  1137 | D:2      | Reached skill level 1 in Shields
  1137 | D:2      | Reached skill level 1 in Unarmed Combat
  1137 | D:2      | Reached skill level 1 in Invocations
  1137 | D:2      | Reached skill level 1 in Evocations
  1137 | D:2      | Reached XP level 4. HP: 27/32 MP: 8/11
  1152 | D:2      | Identified the +2 cloak of the Salamander {rPois rN+}
  1277 | D:2      | Killed a scorpion
  1278 | D:2      | Reached skill level 1 in Conjurations
  1278 | D:2      | Reached skill level 1 in Hexes
  1278 | D:2      | Reached skill level 1 in Summonings
  1278 | D:2      | Reached skill level 1 in Necromancy
  1278 | D:2      | Reached skill level 1 in Translocations
  1278 | D:2      | Reached skill level 1 in Transmutations
  1278 | D:2      | Reached skill level 1 in Fire Magic
  1278 | D:2      | Reached skill level 1 in Air Magic
  1278 | D:2      | Reached skill level 1 in Earth Magic
  1278 | D:2      | Reached skill level 1 in Poison Magic
  1278 | D:2      | Reached XP level 5. HP: 29/37 MP: 7/12
  1738 | D:3      | Noticed Natasha
  1783 | D:3      | Found a glowing drain.
  1812 | Sewer    | Entered a sewer
  1876 | Sewer    | Noticed a kobold brigand
  1877 | Sewer    | Noticed a kobold brigand
  1889 | Sewer    | Killed a kobold brigand
  1890 | Sewer    | Reached XP level 6. HP: 38/44 MP: 7/13
  1895 | Sewer    | Reached skill level 5 in Dodging
  2439 | D:3      | Killed Natasha
  2477 | D:3      | Reached XP level 7. HP: 46/50 MP: 11/15
  2617 | D:3      | Noticed Natasha
  2636 | D:3      | Found a runed translucent door.
  2637 | D:3      | Noticed Crazy Yiuf
  2647 | D:3      | Killed Crazy Yiuf
  2940 | D:3      | Killed Natasha
  3244 | D:3      | Noticed Robin
  3312 | D:3      | Killed Robin
  3431 | D:3      | Noticed Natasha
  3439 | D:3      | Killed Natasha
  4071 | D:4      | Reached skill level 5 in Stealth
  4413 | D:5      | Entered Level 5 of the Dungeon
  4653 | D:5      | Noticed a steam dragon
  4670 | D:5      | Killed from afar by a steam dragon

Illustrated notes

Levels and vault maps discovered:
D:1:      mainiacjoe_arrival_reflecting_pool, layout_loops_cross,
          shapermc_ecumenical_altar_ellora
D:2:      minmay_chambers_of_ones, layout_basic
D:3:      layout_basic, portal_sewer_entry_f, uniq_crazy_yiuf_cottage,
          uniq_robin, uniq_natasha
D:4:      layout_basic
D:5:      layout_rooms, hangedman_minor_gate_pass

Skill      XL: |  1  2  3  4  5  6  7 |
---------------+----------------------+-----
Spellcasting   | 5 |  5.8
Fighting       | 1 2 |  2.8
Short Blades   | 1 2 |  2.8
Long Blades    | 1 2 |  2.8
Axes           | 1 2 |  2.8
Maces & Flails | 1 2 |  2.8
Polearms       | 1 2 |  2.8
Staves         | 1 2 |  2.8
Slings         | 1 2 |  2.8
Bows           | 1 2 |  2.8
Crossbows      | 1 2 |  2.8
Throwing       | 1 2 |  2.8
Armour         | 1 2 |  2.8
Shields        | 1 2 |  2.8
Unarmed Combat | 1 2 |  2.8
Invocations    | 1 2 3 |  3.1
Evocations     | 1 2 |  2.8
Conjurations   | 1 2 |  2.2
Hexes          | 1 2 |  2.2
Summonings     | 1 2 |  2.2
Necromancy     | 1 2 |  2.2
Translocations | 1 2 |  2.2
Transmutations | 1 2 |  2.2
Fire Magic     | 1 2 |  2.2
Air Magic      | 1 2 |  2.2
Earth Magic    | 1 2 |  2.2
Poison Magic   | 1 2 |  2.2
Dodging        | 5 |  5.4
Stealth        | 5 |  5.1
Ice Magic      | |  7.5

Action                   |  1- 3 |  4- 6 |  7- 9 || total
-------------------------+-------+-------+-------++-------
Melee: Unarmed           |     2 |       |       ||     2
       Short sword       |    11 |   119 |   219 ||   349
       Bite              |     1 |     8 |    34 ||    43
 Cast: Freeze            |    30 |    50 |    22 ||   102
       Magic Dart        |     2 |       |       ||     2
  Use: Scroll            |       |       |     1 ||     1
 Stab: Sleeping          |     4 |     4 |    11 ||    19
       Distracted        |       |       |     1 ||     1
Armor: Robe              |     4 |    26 |    56 ||    86
Dodge: Dodged            |    24 |    63 |   123 ||   210
Block: Buckler           |     1 |    22 |    34 ||    57
